 Dungeon Crawl Stone Soup version 0.29.0-4-gdea44cf6ec (webtiles) character file.

Game seed: 9057643725630811416

35 qw the Chopper (level 3, 0/21 HPs)
             Began as a Tengu Warper on Aug 28, 2022.
             Succumbed to their own poison gas
             ... on level 1 of the Dungeon.
             The game lasted 00:00:06 (1511 turns).

qw the Chopper (Tengu Warper)                       Turns: 1511, Time: 00:00:06

Health: 0/21       AC:  3    Str: 13    XL:     3   Next: 33%
Magic:  7/7        EV: 12    Int: 13    God:
Gold:   41         SH:  0    Dex: 13    Spells: 6/6 levels left

rFire   . . .      SeeInvis .   Y - +0 hand axe
rCold   . . .      Faith    .   (no shield)
rNeg    . . .      Spirit   .   b - +0 leather armour
rPois   .          Reflect  .   (helmet restricted)
rElec   .          Harm     .   (no cloak)
rCorr   .          Rampage  .   (no gloves)
Will    .....                   (boots unavailable)
Stlth   +.........              (no amulet)
HPRegen 0.07/turn               (no ring)
MPRegen 0.10/turn               (no ring)

@: lethally poisoned (0 -> -5)
A: beak, talons 3
a: no special abilities


You were on level 1 of the Dungeon.
You visited 1 branch of the dungeon, and saw 1 of its levels.

You collected 41 gold pieces.


Innate Abilities, Weirdness & Mutations

You have a beak for a mouth.
You have claws for feet.


   Skills:
 - Level 2.0 Fighting
 + Level 4.0 Axes
 - Level 1.0 Throwing
 - Level 1.1 Armour
 - Level 2.1 Dodging
 - Level 2.0 Spellcasting
 - Level 2.4 Translocations


You had 6 spell levels left.
You didn't know any spells.
Your spell library contained the following spells:

 Spells                   Type           Power      Damage    Failure   Level
 Blink                    Tloc           14%        N/A       19%         2
 Gell's Gravitas          Tloc           7%         N/A       36%         3
 Lesser Beckoning         Tloc           7%         N/A       36%         3
 Teleport Other           Tloc           7%         N/A       36%         3
 Manifold Assault         Tloc           7%         N/A       98%         5

Inventory:

Hand Weapons
 f - a +0 mace
 Y - a +0 hand axe (weapon)
Armour
 b - a +0 leather armour (worn)
Scrolls
 e - a scroll of identify

Dungeon Overview and Level Annotations

Branches:
Dungeon (1/15)

Altars:


Message History

You see here a hobgoblin corpse.
You see here a hobgoblin corpse.
You see here 4 stones.
There is a stone staircase leading down here.
Done exploring.
Done exploring.
1502 ||| READING scroll labelled JUCZESINIU.
The air fills with toxic fumes!
As you read the scroll labelled JUCZESINIU, it crumbles to dust.
It was a scroll of poison.
Done exploring.
1503 ||| READING 2 scrolls labelled IQIPOXK BUWKU.
As you read the scroll labelled IQIPOXK BUWKU, it crumbles to dust.
It is a scroll of identify.
You don't have any unidentified items.
Done exploring.
1504 ||| DROPPING scroll of blinking.
You drop a scroll of blinking.
Done exploring.
(D) Dungeon
Where to? (* - list waypoints, ? - help)
What level of the Dungeon? (default 1, ? - help) Sorry, I don't know how to get there.
Done exploring.
1505 ||| Stepping randomly (stuck).
Really walk into that cloud of poison gas?
You are engulfed in poison gas.
You are poisoned.
You feel very sick.
1506 ||| Stepping ~*~*~tactically~*~*~ (cloud).
You feel very sick.
You see here a scroll of blinking.
There is a lethal amount of poison in your body!
You feel very sick.
There is a lethal amount of poison in your body!
You feel sick.
There is a lethal amount of poison in your body!
You feel sick.
There is a lethal amount of poison in your body!
You feel sick.
There is a lethal amount of poison in your body!
You die...

#.### ##########
##...##########
#¤............#
#¤##.##.#####.#
#¤##.##.#####.#
#0##.......##.####
#0#####.##..?.....
#¤#####00.....####
#@¤¤¤0¤0#######
#########


There were no monsters in sight!

Vanquished Creatures
  A dart slug (D:1)
  3 endoplasms (D:1)
  2 giant cockroaches (D:1)
  2 goblins (D:1)
  A hobgoblin (D:1)
  4 jackals (D:1)
  3 quokkas (D:1)
  2 ball pythons (D:1)
  4 bats (D:1)
  8 rats (D:1)
30 creatures vanquished.

Notes
Turn   | Place    | Note
-------+----------+-------------------------------------------
     0 | D:1      | qw the Tengu Warper began the quest for the Orb.
     0 | D:1      | Reached XP level 1. HP: 12/12 MP: 4/4
     0 | D:1      | 0 ||| qw: Version: 0.1-a-89-g26bdef1
     0 | D:1      | 0 ||| qw: Game counter: 2256
     0 | D:1      | 0 ||| qw: Always use a shield: true
     0 | D:1      | 0 ||| qw: God list: Okawaru
     0 | D:1      | 0 ||| qw: Allow faded altars: false
     0 | D:1      | 0 ||| qw: Do Orc after D:15 true
     0 | D:1      | 0 ||| qw: Do second Lair branch before Depths: true
     0 | D:1      | 0 ||| qw: Lair rune preference: random
     0 | D:1      | 0 ||| qw: Plans: Normal
     0 | D:1      | 0 ||| PLANNING D:1-11
   257 | D:1      | HP: 2/12 [jackal (2)]
   499 | D:1      | Reached XP level 2. HP: 17/17 MP: 6/6
   502 | D:1      | Reached skill level 3 in Axes
   866 | D:1      | 866 ||| Stepping ~*~*~tactically~*~*~ (hiding).
  1098 | D:1      | Reached XP level 3. HP: 21/21 MP: 7/7
  1256 | D:1      | Reached skill level 4 in Axes
  1502 | D:1      | 1502 ||| READING scroll labelled JUCZESINIU.
  1503 | D:1      | 1503 ||| READING 2 scrolls labelled IQIPOXK BUWKU.
  1504 | D:1      | 1504 ||| DROPPING scroll of blinking.
  1505 | D:1      | 1505 ||| Stepping randomly (stuck).
  1506 | D:1      | 1506 ||| Stepping ~*~*~tactically~*~*~ (cloud).
  1508 | D:1      | HP: 4/21 [poisoned by you (poison gas)]
  1510 | D:1      | HP: 1/21 [poisoned by you (poison gas)]
  1511 | D:1      | Succumbed to their own poison gas

Levels and vault maps discovered:
D:1:      saegor_arrival_simple_c, layout_loops_cross, moated_statue

Skill      XL: |  1  2  3 |
---------------+----------+-----
Axes           | 3 4 |  4.0
Fighting       | |  2.0
Throwing       | |  1.0
Armour         | |  1.1
Dodging        | |  2.1
Spellcasting   | |  2.0
Translocations | |  2.4

Action                   || total
-------------------------++-------
Melee: Hand axe          ||    59
       Kick              ||    13
       Peck              ||     9
       Punch             ||     1
Throw: Boomerang         ||     7
  Use: Scroll            ||     2
Armor: Leather armour    ||    23
Dodge: Dodged            ||    35

Table legend:
 A = Non-vault XP
 B = Vault XP
 C = Vault XP percentage of total XP
 D = Non-vault monster count
 E = Vault monster count
 F = Vault count percentage of total count
                 A         B        C        D         E       F
            +---------+---------+-------+---------+---------+-------
      Total |      50 |       0 |   0.0 |      30 |       0 |   0.0
            +---------+---------+-------+---------+---------+-------
        D:1 |      50 |       0 |   0.0 |      30 |       0 |   0.0
            +---------+---------+-------+---------+---------+-------
